 Dungeon Crawl Stone Soup version 0.18-a0-1551-g40744a8 (webtiles) character file.

5702 Ijustatesigmund the Transmogrifier (level 10, -1/66 HPs)
             Began as an Octopode Transmuter on Mar 11, 2016.
             Was a High Priest of Cheibriados.
             Slain by a warg (15 damage)
             ... on level 8 of the Dungeon.
             The game lasted 00:30:55 (10706 turns).

Ijustatesigmund the Transmogrifier (OpTm)          Turns: 10706, Time: 00:30:56

Health: -1/66      AC:  1    Str: 27    XL:     10   Next: 76%
Magic:  14/18      EV: 20    Int: 33    God:    Cheibriados [*****.]
Gold:   516        SH:  0    Dex: 32    Spells: 5 memorised, 5 levels left

rFire  . . .     SeeInvis .       - Unarmed
rCold  . . .     Gourm    .     (shield currently unavailable)
rNeg   . . .     Faith    .     (helmet restricted)
rPois  .         Spirit   .     (no amulet)
rElec  .         Dismiss  .     o - ring of stealth
rCorr  .         Reflect  .     k - +4 ring of strength
SustAt .         Harm     .     (no ring)
MR     .....                    (no ring)
Stlth  +++++++...               (no ring)
                                (no ring)
                                (no ring)
                                (no ring)

@: agile, about to teleport, blade tentacles, very slow, not resistant to
hostile enchantments, extremely stealthy
A: almost no armour, amphibious, 8 rings, constrict 8, camouflage 1, gelatinous
body 1
a: End Transformation, Bend Time, Temporal Distortion, Slouch, Step From Time,
Renounce Religion


You were on level 8 of the Dungeon.
You worshipped Cheibriados.
Cheibriados was extremely pleased with you.
You were hungry.
You had blades for tentacles.
You visited 1 branch of the dungeon, and saw 9 of its levels.

You collected 516 gold pieces.

Inventory:

Missiles
 a - 83 arrows
Rods
 h - a +0 lightning rod (12/12)
   (You found it on level 7 of the Dungeon)
Jewellery
 k - a +4 ring of strength (right scythe-like blade)
 o - a ring of stealth (left scythe-like blade)
 q - an uncursed amulet of magic regeneration {unknown}
Wands
 p - a wand of confusion (24/48)
 r - a wand of flame (18/48)
 x - a wand of iceblast (10/15)
Scrolls
 m - a scroll of teleportation
 n - 2 scrolls of magic mapping
 t - 2 scrolls of enchant armour
 u - 2 scrolls of remove curse
 w - 2 scrolls of recharging
Potions
 d - a potion of might
 f - a potion of magic
 i - 2 potions of lignification
 s - a potion of cure mutation
Books
 b - a book of Changes

   Spells                             Type                      Level
   a - Beastly Appendage              Transmutation                1
   b - Sticks to Snakes               Transmutation                2
   c - Spider Form                    Transmutation/Poison         3
   d - Ice Form                       Ice/Transmutation            4
   e - Blade Hands                    Transmutation                5
 v - a book of Callings

   Spells                             Type                      Level
   a - Summon Small Mammal            Summoning                    1
   b - Call Imp                       Summoning                    2
   c - Call Canine Familiar           Summoning                    3
   d - Summon Guardian Golem          Hexes/Summoning              3
   e - Summon Lightning Spire         Summoning/Air                4
   f - Summon Ice Beast               Ice/Summoning                4
Comestibles
 c - 4 bread rations
 j - 2 meat rations


   Skills:
 + Level 5.1 Fighting
 + Level 3.0 Dodging
 + Level 3.5 Stealth
 + Level 5.6 Unarmed Combat
 - Level 5.9 Spellcasting
 - Level 8.5 Transmutations
 - Level 6.3 Ice Magic
 - Level 2.0 Poison Magic
 - Level 6.4 Invocations


You had 5 spell levels left.
You knew the following spells:

 Your Spells              Type           Power        Failure   Level  Hunger
a - Beastly Appendage     Trmt           ######       8%          1    None
b - Sticks to Snakes      Trmt           ######..     10%         2    None
c - Spider Form           Trmt/Pois      #####.....   17%         3    None
d - Ice Form              Ice/Trmt       ######..     24%         4    ##.....
e - Blade Hands           Trmt           ######....   28%         5    #####..


Dungeon Overview and Level Annotations

Branches:
Dungeon (9/15)             Temple (0/1) D:4
   Lair: D:8-11         Orc: D:9-12

Altars:
Ashenzari
Cheibriados
Gozag
Kikubaaqudgha
Makhleb
Nemelex Xobeh
Pakellas
Sif Muna
The Shining One

Shops:
D:2 *   D:6 %


Innate Abilities, Weirdness & Mutations

You cannot wear most types of armour.
You are amphibious.
You can wear up to eight rings at the same time.
You can use your tentacles to constrict eight enemies at once.
Your skin changes colour to match your surroundings (Stealth).
Your rubbery body absorbs attacks (AC +1).


Message History

Your adder bites the warg but does no damage.
The orc misses you.
Read which item? (? for menu, Esc to quit)
As you read the scroll of teleportation, it crumbles to dust.
You feel strangely unstable. The warg misses you.
The orc closely misses your adder.
Your adder bites the warg.
The orc priest casts a cantrip, but nothing happens.
Your adder misses the warg.
The orc hits your adder but does no damage.
The orc hits your adder with a hand axe.
The warg closely misses your adder. The warg misses you.
The orc closely misses you.
Drink which item? (? for menu, Esc to quit)
It was a potion of agility.
You feel agile all of a sudden.
Your adder bites the orc.
The orc is poisoned.
Your adder poisons the orc!
Your adder closely misses the orc.
The orc hits your adder with a flail of crushing.
The warg misses your adder. The orc misses your adder. The warg bites you!
You die...

#...#.#.....†.....#
#...._......#######
##..#.#.....#
#..........#
#..........#
#......<...#
#[............
#..h......#####
#@So......#
#Sho......#
#ooo......#
oo.###...## ....#
... .....# ..
......# #.......
#.......


You could see 2 wargs, 2 orc priests, 5 orcs and 2 friendly adders.

Vanquished Creatures
  Prince Ribbit (D:5)
  Grinder (D:6)
  Eustachio (D:5)
  A hippogriff (D:7)
  Menkaure (D:5)
  Edmund (D:4)
  5 sky beasts
  A water moccasin (D:6)
  3 orc warriors
  The ghost of Ratboiler the Gouger, an amateur FeWn of Trog (D:8)
  3 ice beasts
  2 phantoms (D:7)
  3 ogres
  A black bear (D:6)
  A necrophage (D:5)
  3 centaurs (D:7)
  A big kobold (D:7)
  11 giant frogs
  A wyvern skeleton (D:7)
  4 scorpions
  7 killer bees (D:7)
  5 wights
  2 howler monkeys (D:6)
  2 crimson imps
  6 orc priests
  Crazy Yiuf (D:6)
  3 hounds
  A jelly (D:7)
  4 orc wizards
  A giant frog skeleton (D:6)
  2 iguanas
  Natasha (thrice) (D:3)
  3 worker ants
  A killer bee zombie (D:7)
  2 worker ant zombies
  Robin (D:3)
  A howler monkey skeleton (D:4)
  10 adders
  2 oozes
  3 adder skeletons
  2 adder zombies
  3 worms
  2 dart slugs (D:3)
  5 giant geckos
  14 orcs
  2 ball pythons (D:1)
  8 bats
  7 giant cockroaches
  10 goblins
  11 hobgoblins
  5 jackals
  3 quokkas
  2 giant gecko skeletons (D:4)
  2 giant newts
  A jackal zombie (D:5)
  9 kobolds
  4 quokka skeletons
  10 rats
206 creatures vanquished.

Vanquished Creatures (collateral kills)
  Sigmund (D:4)
  5 killer bees (D:7)
  An orc priest (D:8)
  An adder (D:4)
  A worm (D:3)
  An orc (D:7)
  2 goblins (D:3)
  A jackal (D:7)
13 creatures vanquished.

Vanquished Creatures (others)
  An orc wizard (D:7)
1 creature vanquished.

Grand Total: 220 creatures vanquished

Notes
Turn   | Place    | Note
--------------------------------------------------------------
     0 | D:1      | Ijustatesigmund the Octopode Transmuter began the quest for the Orb.
     0 | D:1      | Reached XP level 1. HP: 13/13 MP: 3/3
   213 | D:1      | Reached XP level 2. HP: 12/18 MP: 5/5
   221 | D:1      | Learned a level 2 spell: Sticks to Snakes
   581 | D:1      | Reached XP level 3. HP: 21/24 MP: 6/6
   586 | D:1      | Learned a level 3 spell: Spider Form
   917 | D:2      | Found an opulent altar of Gozag.
   953 | D:2      | Found Gozag's Platinum Reserve.
   990 | D:2      | Found a burning altar of Makhleb.
   990 | D:2      | Found a snail-covered altar of Cheibriados.
  1055 | D:2      | Became a worshipper of Cheibriados the Contemplative
  1264 | D:2      | Reached skill level 1 in Poison Magic
  1295 | D:2      | Found a faded altar to an unknown god.
  1457 | D:2      | Reached XP level 4. HP: 25/30 MP: 7/7
  1715 | D:2      | Reached * piety under Cheibriados
  1733 | D:3      | Noticed Robin
  1877 | D:3      | Noticed Natasha
  1881 | D:3      | Reached skill level 1 in Invocations
  1890 | D:3      | Killed Natasha
  2149 | D:3      | Reached XP level 5. HP: 26/35 MP: 8/8
  2198 | D:3      | Noticed Natasha
  2204 | D:3      | Killed Natasha
  2252 | D:3      | Reached ** piety under Cheibriados
  2287 | D:3      | Noticed Natasha
  2296 | D:3      | Killed Natasha
  2677 | D:3      | Killed Robin
  2934 | D:3      | Reached XP level 6. HP: 32/42 MP: 7/9
  3322 | D:4      | Noticed Edmund
  3340 | D:4      | Killed Edmund
  3905 | D:4      | Noticed Sigmund
  4035 | D:4      | Killed Sigmund
  4035 | D:4      | Reached skill level 1 in Stealth
  4035 | D:4      | Reached XP level 7. HP: 40/48 MP: 2/12
  4332 | D:4      | Found an ancient bone altar of Kikubaaqudgha.
  4338 | D:4      | Reached skill level 5 in Unarmed Combat
  4340 | D:4      | Reached *** piety under Cheibriados
  4546 | D:4      | Learned a level 4 spell: Ice Form
  4621 | D:4      | Found a staircase to the Ecumenical Temple.
  4697 | D:5      | Entered Level 5 of the Dungeon
  4710 | D:5      | Reached skill level 1 in Ice Magic
  4715 | D:5      | Noticed Prince Ribbit
  4728 | D:5      | Killed Prince Ribbit
  4728 | D:5      | Reached skill level 3 in Transmutations
  4728 | D:5      | Reached XP level 8. HP: 27/54 MP: 8/13
  4957 | D:5      | Noticed Eustachio
  5066 | D:5      | Killed Eustachio
  5066 | D:5      | Reached skill level 4 in Transmutations
  5125 | D:5      | Found a sparkling altar of Nemelex Xobeh.
  5125 | D:5      | Found a deep blue altar of Sif Muna.
  5127 | D:5      | Found a glowing golden altar of the Shining One.
  5578 | D:5      | Noticed Menkaure
  5664 | D:5      | Killed Menkaure
  5664 | D:5      | Reached skill level 5 in Transmutations
  5768 | D:5      | Reached **** piety under Cheibriados
  5805 | D:6      | Reached skill level 5 in Ice Magic
  5818 | D:6      | Reached XP level 9. HP: 21/58 MP: 14/14
  6016 | D:6      | Learned a level 5 spell: Blade Hands
  6111 | D:6      | Reached skill level 6 in Transmutations
  6123 | D:6      | Noticed Grinder
  6135 | D:6      | Killed Grinder
  6392 | D:6      | Found Omaet's Food Shoppe.
  6589 | D:6      | Found a shattered altar of Ashenzari.
  6671 | D:6      | Reached skill level 7 in Transmutations
  7117 | D:6      | Reached ***** piety under Cheibriados
  7299 | D:6      | Noticed Crazy Yiuf
  7305 | D:6      | Killed Crazy Yiuf
  7419 | D:7      | Reached skill level 5 in Invocations
  7536 | D:7      | Reached XP level 10. HP: 50/64 MP: 15/17
  7567 | D:7      | Reached skill level 5 in Spellcasting
  7964 | D:7      | Reached skill level 8 in Transmutations
  9986 | D:7      | Reached ****** piety under Cheibriados
 10011 | D:7      | Reached skill level 5 in Fighting
 10622 | D:8      | Noticed Ratboiler's ghost (amateur FeWn)
 10625 | D:8      | Killed Ratboiler's ghost
 10626 | D:8      | Found an oddly glowing altar of Pakellas.
 10706 | D:8      | Slain by a warg

Vault maps used:
D:1:      mrwooster_arrival_statue_2, minmay_misc_feat_plants,
          minmay_stone_trees_medium
D:2:      gammafunk_temple_overflow_statue, nicolae_gozag_zags_fifth_avenue,
          ecumenical_altar_1
D:3:      serial_glass, glass_columns_b, glass_columns_b, uniq_robin,
          uniq_natasha
D:4:      lemuel_round_altar, minmay_temple_entry_poolview, first_bread,
          uniq_sigmund, uniq_edmund
D:5:      grunt_temple_overflow_open, kennysheep_generic_room_8, uniq_eustachio,
          uniq_prince_ribbit1, uniq_menkaure
D:6:      kennysheep_six_static_rooms, serial_shops, shop_fountains,
          basic_altar, uniq_grinder, uniq_crazy_yiuf_cottage
D:7:      kennysheep_windowed_halls
D:8:      lemuel_crystal_altar, erik_lair_orcish_takeover
D:9:      nicolae_ru_the_path_less_chosen, basic_altar

Skill      XL: |  1  2  3  4  5  6  7  8  9 10 |
---------------+-------------------------------+-----
Fighting       | 2 3 4 5 |  5.1
Poison Magic   | 1 2 |  2.0
Invocations    | 1 2 3 5 6 |  6.4
Unarmed Combat | 4 5 |  5.6
Spellcasting   | 3 4 5 |  5.9
Stealth        | 1 2 3 |  3.5
Ice Magic      | 2 5 6 |  6.3
Transmutations | 3 5 7 8 |  8.5
Dodging        | 3 |  3.0

Action                   |  1- 3 |  4- 6 |  7- 9 | 10-12 || total
-------------------------+-------+-------+-------+-------++-------
Melee: Unarmed           |    70 |   140 |   216 |   155 ||   581
 Cast: Beastly Appendage |     1 |     7 |     7 |       ||    15
       Sticks to Snakes  |       |    11 |     7 |    13 ||    31
       Spider Form       |       |     4 |     8 |     1 ||    13
       Ice Form          |       |       |    11 |    11 ||    22
       Blade Hands       |       |       |       |     2 ||     2
Invok: Slouch            |       |       |       |     1 ||     1
  Use: Scroll            |     3 |     8 |     4 |     5 ||    20
       Potion            |       |     2 |     1 |     7 ||    10
 Stab: Sleeping          |     9 |     5 |     4 |     6 ||    24
       Distracted        |       |       |     2 |     3 ||     5
  Eat: Chunk             |     2 |     2 |     4 |     1 ||     9
       Royal jelly       |       |     1 |       |       ||     1
       Fruit             |       |     3 |       |       ||     3
       Pizza             |       |       |     1 |       ||     1
       Beef jerky        |       |       |     1 |       ||     1
       Bread ration      |       |       |       |     1 ||     1
